 Dungeon Crawl Stone Soup version 0.28.0-45-g0d030f2227 (webtiles) character file.

Game seed: 12340763122876505269

798 mortz the Conjurer (level 7, -1/37 HPs)
             Began as a Deep Elf Conjurer on Apr 17, 2022.
             Killed from afar by a white imp (9 damage)
             ... with a puff of frost
             ... summoned by Eustachio
             ... on level 5 of the Dungeon.
             The game lasted 00:25:28 (6006 turns).

mortz the Conjurer (Deep Elf Conjurer)              Turns: 6006, Time: 00:25:29

Health: -1/37      AC:  3    Str:  4    XL:     7   Next: 58%
Magic:  5/17       EV: 13    Int: 25    God:
Gold:   257        SH:  0    Dex: 15    Spells: 16/19 levels left

rFire   . . .      SeeInvis .   b - +0 short sword {short}
rCold   . . .      Faith    .   (no shield)
rNeg    + . .      Spirit   .   v - +1 robe of Life {+Blink Will+}
rPois   .          Reflect  .   (helmet restricted)
rElec   .          Harm     .   (no cloak)
rCorr   .          Rampage  .   (no gloves)
Will    +....      Clarity  +   (no boots)
Stlth   +++.......              (no amulet)
HPRegen 0.12/turn               d - ring of positive energy
MPRegen 0.15/turn               (no ring)

@: no status effects
A: antennae 1, agile 1, clarity, low MP 1, noise suppression
a: Evoke Blink


You were on level 5 of the Dungeon.
You visited 1 branch of the dungeon, and saw 5 of its levels.

You collected 257 gold pieces.


Innate Abilities, Weirdness & Mutations

You have a pair of small antennae on your head.
You are agile. (Dex +2)
You possess an exceptional clarity of mind.
Your magical capacity is low. (-10% MP)
You passively dampen the noise of your surroundings.


   Skills:
 + Level 0.4 Fighting
 + Level 2.9 Dodging
 + Level 5.0 Stealth
 + Level 6.7 Spellcasting
 + Level 7.4 Conjurations
 * Level 2.4 Translocations


You had 16 spell levels left.
You knew the following spells:

 Your Spells              Type           Power      Damage    Failure   Level
a - Magic Dart            Conj           100%       1d8       1%          1
b - Searing Ray           Conj           90%        2d7       1%          2

Your spell library contained the following spells:

 Spells                   Type           Power      Damage    Failure   Level
 Dazzling Flash           Conj/Hex       54%        N/A       4%          3
 Iskenderun's Mystic Bla  Conj/Tloc      33%        2d8       9%          4
 Ensorcelled Hibernation  Hex/Ice        16%        N/A       11%         2
 Fulminant Prism          Conj/Hex       13%        3d9       16%         4
 Spider Form              Tmut/Pois      8%         N/A       21%         3
 Anguish                  Hex/Necr       4%         N/A       56%         4

Inventory:

Hand Weapons
 b - a +0 short sword (weapon) {short}
   (You took it off a kobold on level 1 of the Dungeon)
 p - a +0 long sword {long}
   (You found it on level 3 of the Dungeon)
Missiles
 c - 63 stones {throwing}
 e - 82 sling bullets
 h - 11 poisoned darts {throwing}
 i - 6 boomerangs {throwing}
 l - 79 bolts
 u - 30 arrows
Armour
 a - a +0 robe
 k - a +0 chain mail
   (You found it on level 1 of the Dungeon)
 n - a +0 leather armour
   (You found it on level 2 of the Dungeon)
 v - the +1 robe of Life (worn) {+Blink Will+}
   (You found it on level 4 of the Dungeon)

   +Blink:    It lets you blink.
   Will:      It increases your willpower.
Jewellery
 d - a ring of positive energy (left hand)
   (You found it on level 2 of the Dungeon)
Wands
 s - a wand of polymorph (7)
   (You found it on level 3 of the Dungeon)
 D - a wand of paralysis (11)
   (You found it on level 5 of the Dungeon)
Scrolls
 g - 4 scrolls of amnesia
 j - a scroll of immolation {unknown}
 o - 2 scrolls of teleportation {unknown}
 q - 3 scrolls of enchant armour {unknown}
 w - a scroll of magic mapping {unknown}
 x - a scroll of blinking {unknown}
 y - a scroll of vulnerability {unknown}
 B - a scroll of noise {unknown}
 C - a scroll of holy word {unknown}
Potions
 f - 2 potions of curing {@q1}
 r - a potion of lignification {!q}
 t - a potion of haste {unknown}
 z - a potion of attraction {unknown}
 A - 2 potions of ambrosia

Dungeon Overview and Level Annotations

Branches:
Dungeon (5/15)
 Temple: D:4-7

Altars:
Nemelex Xobeh

Portals:
Abyss: D:4

Annotations:
D:2 1 runed translucent door, exclusion: ogre, Crazy Yiuf
D:4 2 transporters, pkoi's ghost, amateur DgAr
D:5 exclusion: water moccasin, Eustachio; Sigmund

..............#.#
.#########.##...########
#.#...........#
#.#....###..... #.#.#.##
#..... ####.#.#.# #.....
###........#####...#
#.b5r..#.......##.##
#5#@#####.....^..#.#
#.#.# #.####.##.## #.#.#
#.# #.##.# ....# #.#
#....# ....# ###.#
###..# ......##...##
#..# ...@.....#..###
#..# .....##......# #..#
.. ##...#)###..#


You could see Eustachio, a white imp (summoned), a quokka (summoned) and a bat
(summoned).


Message History

Aim: an ice beast (heavily wounded, 82% to hit)
The searing ray hits the ice beast. (Press . to maintain the ray.)
The ice beast hits you but does no damage. 😎 MP[-2]
You lost 2 mp, and now have 10/17 mp.
The searing ray hits the ice beast!
You kill the ice beast!
Your Stealth skill increases to level 5! 😎 MP[-1]
You lost 1 mp, and now have 9/17 mp.
You sense a monster nearby.
There is a stone staircase leading up here. 😎 MP[+8]
Your mp is fully restored (17).
Eustachio the Magnificent comes into view.
He is wielding a +0 rapier and wearing a +3 leather armour of willpower.
Eustachio shouts!
Casting: Searing Ray (safe; 1% risk of failure)
Confirm with . or Enter, or press ? or * to list all spells.
Aiming: Searing Ray (safe; 1% risk of failure)
Press: ? - help, Shift-Dir - straight line, f - Eustachio
Aim: Eustachio, wielding a +0 rapier and wearing a +3 leather armour of willpower (75% to hit)
The searing ray hits Eustachio. (Press . to maintain the ray.) Eustachio hits you with a +0 rapier! 😕 HP[-9] MP[-2]
You take 9 damage, and now have 28/37 hp.
MASSIVE DAMAGE!! (PAUSE)
You lost 2 mp, and now have 15/17 mp.
The searing ray hits Eustachio!
Eustachio says, "Summoning is fun!"
Eustachio hits you with a +0 rapier! 😮 HP[-8] MP[-1]
You take 8 damage, and now have 20/37 hp.
MASSIVE DAMAGE!! (PAUSE)
You lost 1 mp, and now have 14/17 mp.
The searing ray hits Eustachio!
Eustachio drinks a potion.
Eustachio is healed! 😮 HP[+1] MP[-1]
You lost 1 mp, and now have 13/17 mp.
Aiming: Paralyse
Press: ? - help, Q - select action, (/) - cycle Shift-Dir - straight line, f/p - Eustachio
Aim: Eustachio, wielding a +0 rapier and wearing a +3 leather armour of willpower (chance to affect: 17%) Eustachio resists with almost no effort.
Eustachio closely misses you.
Casting: Searing Ray (safe; 1% risk of failure)
Confirm with . or Enter, or press ? or * to list all spells.
Aiming: Searing Ray (safe; 1% risk of failure)
Press: ? - help, Shift-Dir - straight line, f/p - Eustachio
Aim: Eustachio, wielding a +0 rapier and wearing a +3 leather armour of willpower (75% to hit)
The searing ray hits Eustachio! (Press . to maintain the ray.) Eustachio hits you with a +0 rapier. 😮 HP[-2] MP[-2]
You take 2 damage, and now have 19/37 hp.
You lost 2 mp, and now have 11/17 mp.
The searing ray hits Eustachio!
Eustachio barely misses you.
The searing ray hits Eustachio!
Eustachio closely misses you. 😮 MP[-1]
You lost 1 mp, and now have 10/17 mp.
The searing ray hits Eustachio but does no damage.
You finish channelling your searing ray.
Eustachio gestures wildly while chanting. 😮 MP[-1]
You lost 1 mp, and now have 9/17 mp.
Casting: Searing Ray (safe; 1% risk of failure)
Confirm with . or Enter, or press ? or * to list all spells.
Aiming: Searing Ray (safe; 1% risk of failure)
Press: ? - help, Shift-Dir - straight line, f/p - Eustachio
Aim: Eustachio, wielding a +0 rapier and wearing a +3 leather armour of willpower (heavily wounded, 75% to hit)
The searing ray hits Eustachio! (Press . to maintain the ray.) Eustachio hits you with a +0 rapier!
* * * LOW HITPOINT WARNING * * *
The white imp hits you.
* * * LOW HITPOINT WARNING * * *
The white imp freezes you.
* * * LOW HITPOINT WARNING * * *
😱 HP[-11] MP[-2]
You take 11 damage, and now have 8/37 hp.
MASSIVE DAMAGE!! (PAUSE)
You lost 2 mp, and now have 7/17 mp.
The searing ray hits Eustachio.
Eustachio gestures wildly while chanting.
The white imp closely misses you. 😱 MP[-1]
You lost 1 mp, and now have 6/17 mp.
The searing ray hits Eustachio.
The bat hits you.
* * * LOW HITPOINT WARNING * * *
The quokka closely misses you.
The white imp hits you but does no damage.
Eustachio casts a spell.
Eustachio blinks! 😱 MP[-1]
You lost 1 mp, and now have 5/17 mp.
The bat barely misses you. The white imp gestures at you.
The puff of frost hits you!
You die...

Skill      XL: |  1  2  3  4  5  6  7 |
---------------+----------------------+-----
Conjurations   | 5 6 7 |  7.4
Stealth        | 3 4 5 |  5.0
Spellcasting   | 4 5 6 |  6.7
Translocations | 1 2 |  2.4
Fighting       | |  0.4
Dodging        | |  2.9

Action                   |  1- 3 |  4- 6 |  7- 9 || total
-------------------------+-------+-------+-------++-------
Melee: Short sword       |     2 |       |       ||     2
 Cast: Magic Dart        |    55 |    67 |     3 ||   125
       Searing Ray       |     9 |    47 |     8 ||    64
Evoke: Wand              |       |       |     1 ||     1
  Use: Potion            |     3 |       |       ||     3
       Scroll            |     2 |       |     3 ||     5
Armor: Robe              |     2 |     2 |     4 ||     8
Dodge: Dodged            |     8 |     3 |     9 ||    20

Levels and vault maps discovered:
D:1:      erik_arrival_cave_to_civilisation [erik_arrival_cave_to_temple],
          layout_rooms, basic_ecumenical_altar, chequers_serial_rivers_micro_d,
          chequers_serial_rivers_micro_d
D:2:      layout_basic, nicolae_wormholes, uniq_crazy_yiuf_cottage
D:3:      layout_loops_ring
D:4:      layout_basic, lemuel_tele_altar, gammafunk_ghost_abyssal_escape,
          hangedman_decor_growths, corexii_checkpoint_b
D:5:      layout_loops_ring, mainiacjoe_overflow_alcove_4, sigmund_army,
          uniq_pikel, uniq_sigmund, uniq_eustachio

Notes
Turn   | Place    | Note
-------+----------+-------------------------------------------
     0 | D:1      | mortz the Deep Elf Conjurer began the quest for the Orb.
     0 | D:1      | Reached XP level 1. HP: 10/10 MP: 6/6
     0 | D:1      | magus.rc [v1.9.6]
   249 | D:1      | Reached XP level 2. HP: 15/15 MP: 4/8
   252 | D:1      | Learned a level 2 spell: Searing Ray
   494 | D:1      | Reached skill level 5 in Conjurations
   800 | D:1      | Reached XP level 3. HP: 19/19 MP: 5/9
   904 | D:1      | Found a faded altar of an unknown god.
  1015 | D:1      | Reached skill level 3 in Stealth
  1110 | D:1      | Gained mutation: Armour fits poorly on your strangely
                  | shaped body. [potion of mutation]
  1110 | D:1      | Gained mutation: You are partially covered in iridescent
                  | scales. (AC +2) [potion of mutation]
  1110 | D:1      | Gained mutation: You have hidden genetic potential. [potion
                  | of mutation]
  1110 | D:1      | Gained mutation: You have a pair of small horns on your
                  | head. [potion of mutation]
  1111 | D:1      | Lost mutation: Armour fits poorly on your strangely shaped
                  | body. [potion of mutation]
  1111 | D:1      | Lost mutation: You have a pair of small horns on your head.
                  | [potion of mutation]
  1111 | D:1      | Gained mutation: You are agile. (Dex +2) [potion of
                  | mutation]
  1111 | D:1      | Gained mutation: You have a pair of small antennae on your
                  | head. [potion of mutation]
  1112 | D:1      | Lost mutation: You are partially covered in iridescent
                  | scales. (AC +2) [potion of mutation]
  1112 | D:1      | Lost mutation: You are agile. (Dex +2) [potion of mutation]
  1112 | D:1      | Gained mutation: Your magical capacity is low. (-10% MP)
                  | [potion of mutation]
  1112 | D:1      | Gained mutation: You possess an exceptional clarity of
                  | mind. [potion of mutation]
  1373 | D:2      | Reached XP level 4. HP: 24/24 MP: 4/10
  1681 | D:2      | Reached skill level 4 in Spellcasting
  1685 | D:2      | Gained mutation: You passively dampen the noise of your
                  | surroundings. [hidden potential]
  2116 | D:2      | Found a runed translucent door.
  2117 | D:2      | Noticed Crazy Yiuf
  2231 | D:2      | Noticed an ogre
  3337 | D:3      | You pick up a book of Dreams and begin reading...
  3337 | D:3      | You add the spells Ensorcelled Hibernation, Spider Form and
                  | Anguish to your library.
  3701 | D:3      | Reached XP level 5. HP: 28/28 MP: 9/12
  3953 | D:4      | Gained mutation: You are agile. (Dex +2) [hidden potential]
  3953 | D:4      | Lost mutation: You have hidden genetic potential. [hidden
                  | potential expressed]
  4014 | D:4      | Identified the +1 robe of Life {+Blink Will+}
  4051 | D:4      | Found a transporter.
  4104 | D:4      | Reached skill level 6 in Conjurations
  4220 | D:4      | Found a transporter.
  4222 | D:4      | Found a one-way gate to the infinite horrors of the Abyss.
  4222 | D:4      | Noticed a toenail golem
  4222 | D:4      | Noticed pkoi's ghost (amateur DgAr)
  4309 | D:4      | Reached skill level 4 in Stealth
  4309 | D:4      | Reached skill level 5 in Spellcasting
  4573 | D:4      | Found a sparkling altar of Nemelex Xobeh.
  4748 | D:4      | Reached XP level 6. HP: 33/33 MP: 9/14
  4960 | D:4      | Reached skill level 1 in Translocations
  5110 | D:5      | Entered Level 5 of the Dungeon
  5123 | D:5      | Noticed Sigmund
  5467 | D:5      | Noticed a water moccasin
  5520 | D:5      | Noticed an ice beast
  5622 | D:5      | Killed an ice beast
  5623 | D:5      | Reached skill level 6 in Spellcasting
  5623 | D:5      | Reached XP level 7. HP: 37/37 MP: 6/16
  5699 | D:5      | Reached skill level 7 in Conjurations
  5699 | D:5      | Reached skill level 2 in Translocations
  5909 | D:5      | Reached skill level 5 in Stealth
  5994 | D:5      | Noticed Eustachio
  6003 | D:5      | HP: 8/37 [white imp[Eustachio] (3)]
  6006 | D:5      | Killed from afar by a white imp

Vanquished Creatures
  2 ice beasts (D:5)
  3 scorpions
  3 hounds
  A gnoll shaman (D:5)
  A jelly (D:5)
  2 hound skeletons
  7 adders
  7 gnolls
  5 worms
  A dart slug (D:4)
  12 orcs
  7 ball pythons
  5 bats
  12 endoplasms
  5 goblins
  6 hobgoblins
  6 jackals
  7 kobolds
  5 quokkas
  6 frilled lizards
  3 rats
106 creatures vanquished.

Vanquished Creatures (others)
  3 fungi (D:2)
3 creatures vanquished.

Grand Total: 109 creatures vanquished

Table legend:
 A = Non-vault XP
 B = Vault XP
 C = Vault XP percentage of total XP
 D = Non-vault monster count
 E = Vault monster count
 F = Vault count percentage of total count
                 A         B        C        D         E       F
            +---------+---------+-------+---------+---------+-------
      Total |    1096 |      44 |   3.9 |      92 |      14 |  13.2
            +---------+---------+-------+---------+---------+-------
        D:1 |      53 |       4 |   7.0 |      29 |       2 |   6.5
        D:2 |      81 |      15 |  15.6 |      18 |       3 |  14.3
        D:3 |      52 |       0 |   0.0 |      17 |       0 |   0.0
        D:4 |     283 |       4 |   1.4 |      16 |       2 |  11.1
        D:5 |     627 |      21 |   3.2 |      12 |       7 |  36.8
            +---------+---------+-------+---------+---------+-------

Illustrated notes

Table legend:
 A = Kills in this place as a percentage of kills in entire the game.
 B = Kills by you in this place as a percentage of kills by you in the entire game.
 C = Kills by friends in this place as a percentage of kills by friends in the entire game.
 D = Other kills in this place as a percentage of other kills in the entire game.
 E = Experience gained in this place as a percentage of experience gained in the entire game.
 F = Experience gained in this place divided by the number of levels of this place that you have seen.
                   A       B       C       D       E      F
               +-------+-------+-------+-------+-------+----------------------
         Total | 100.0 | 100.0 |   N/A |   N/A | 100.0 | 228.0
       Dungeon | 100.0 | 100.0 |   N/A |   N/A | 100.0 | 228.0
               +-------+-------+-------+-------+-------+----------------------

Table legend: (Time is in decaauts)
 A = Elapsed time spent in this place.
 B = Non-inter-level travel time spent in this place.
 C = Inter-level travel time spent in this place.
 D = Time resting spent in this place.
 E = Time spent auto-exploring this place.
 F = Levels seen in this place.
 G = Mean time per level.
                   A        B        C        D        E       F      G
               +--------+--------+--------+--------+--------+-----+--------+
         Total |   6009 |   5805 |    204 |    587 |   4506 |   5 | 1201.8 |
       Dungeon |   6009 |   5805 |    204 |    587 |   4506 |   5 | 1201.8 |
               +--------+--------+--------+--------+--------+-----+--------+

Top non-repeatable levels by time:
     D:2: 1640 daAuts
     D:1: 1363 daAuts
     D:4: 1168 daAuts
     D:3: 941 daAuts
     D:5: 895 daAuts
